 Dungeon Crawl Stone Soup version 0.22-a0-429-g97ce8ef721 (webtiles) character file.

18 RedPan the Insei (level 2, 0/24 HPs)
             Began as a Demonspawn Monk on May 25, 2018.
             Slain by a gnoll
             ... wielding a +0 whip
              (5 damage)
             ... on level 1 of the Dungeon.
             The game lasted 00:01:06 (739 turns).

RedPan the Insei (Demonspawn Monk)                   Turns: 739, Time: 00:01:07

Health: 0/24       AC:  8    Str: 11    XL:     2   Next: 48%
Magic:  2/2        EV:  5    Int: 11    God:
Gold:   54         SH:  0    Dex: 17    Spells: 1/1 levels left

rFire    . . .     SeeInvis .     - Unarmed
rCold    . . .     Gourm    .   (no shield)
rNeg     . . .     Faith    .   g - +0 chain mail (curse)
rPois    .         Spirit   .   (no helmet)
rElec    .         Reflect  .   (no cloak)
rCorr    .         Harm     .   (no gloves)
MR       .....                  (no boots)
Stlth    ..........             (no amulet)
HPRegen  0.08/turn              (no ring)
MPRegen  0.08/turn              (no ring)

@: no status effects
A: thin skeletal structure 1
a: no special abilities


You were on level 1 of the Dungeon.
You were not hungry.

You visited 1 branch of the dungeon, and saw 1 of its levels.

You collected 54 gold pieces.

Inventory:

Armour
 a - a +0 robe
 c - a +0 ring mail
 e - a +0 pair of gloves
 g - a cursed +0 chain mail (worn)
Potions
 f - a potion of heal wounds {unknown}
 h - a potion of curing {unknown}
Comestibles
 b - 2 rations
 d - 2 chunks of flesh


   Skills:
 - Level 3.0 Fighting
 + Level 0.0 Armour
 + Level 3.0 Dodging
 - Level 1.7 Stealth
 * Level 3.3 Unarmed Combat


You had one spell level left.
You didn't know any spells.
Your spell library was empty.

Dungeon Overview and Level Annotations

Branches:
Dungeon (1/15)

Altars:


Innate Abilities, Weirdness & Mutations

You have a somewhat thin skeletal structure. (Dex +2, Stealth)


Message History

The gnoll is severely wounded.
The gnoll hits you with a whip.
You hit the gnoll but do no damage.
The gnoll is severely wounded.
The gnoll hits you with a whip.
You hit the gnoll but do no damage.
The gnoll is severely wounded.
The gnoll hits you with a whip!
* * * LOW HITPOINT WARNING * * *
You hit the gnoll but do no damage.
The gnoll is severely wounded.
The gnoll hits you with a whip.
* * * LOW HITPOINT WARNING * * *
You hit the gnoll.
The gnoll is almost dead.
The gnoll hits you but does no damage.
You barely miss the gnoll.
The gnoll is almost dead.
The gnoll hits you with a whip.
You die...

# #.#.....................##
#####.#.#....##############.#
........#....# #รท#
.............# ##########.##
..###.###....# #...........#
..# #.# #....# #...........#
#.# #.# ###### #...........#
#.###.# #######...........#
......# #...g@............#
#.##..# #.................##
#.##..#
#......##########..###
#.....# #......# ##....
..###.# #......# #..... #.#
#.# #......# #.#.## #.# #.#
#......# ........# #. #.#
#..?...# ........# ..
........#


You could see a gnoll.

Vanquished Creatures
  A dart slug (D:1)
  A bat (D:1)
  2 goblins (D:1)
  2 jackals (D:1)
  12 rats (D:1)
18 creatures vanquished.

Notes
Turn   | Place    | Note
-------+----------+-------------------------------------------
     0 | D:1      | RedPan the Demonspawn Monk began the quest for the Orb.
     0 | D:1      | Reached XP level 1. HP: 18/18 MP: 1/1
   329 | D:1      | Gained mutation: You have a somewhat thin skeletal structure. (Dex +2, Stealth) [demonic ancestry]
   329 | D:1      | Reached XP level 2. HP: 24/24 MP: 2/2
   739 | D:1      | Slain by a gnoll

Vault maps used:
D:1:      erik_arrival_orb_chamber, minmay_misc_feat_doors

Skill      XL: |  1  2 |
---------------+-------+-----
Unarmed Combat | 3 |  3.3
Dodging        | 3 |  3.0
Fighting       | |  3.0
Stealth        | |  1.7

Action                   || total
-------------------------++-------
Melee: Unarmed           ||    69
Armor: Robe              ||     9
       Chain mail        ||    20
Dodge: Dodged            ||    32

Table legend:
 A = Spawn XP
 B = Non-spawn XP
 C = Spawn XP percentage of total XP
 D = Spawn monster count
 E = Non-spawn monster count
 F = Spawn count percentage of total count
 G = Total turns spent on level
                    A         B        C        D         E        F      G
               +---------+---------+-------+---------+---------+-------+---------
         Total |       0 |      26 |   0.0 |       0 |      18 |   0.0 |   739
               +---------+---------+-------+---------+---------+-------+---------
           D:1 |       0 |      26 |   0.0 |       0 |      18 |   0.0 |   739
               +---------+---------+-------+---------+---------+-------+---------
